 Dungeon Crawl Stone Soup version 0.27-a0-1442-g87b6fcb595 (webtiles) character file.

Game seed: 2840038154147177760

204738 Gwenloh the Severer (level 18, -3/149 HPs)
             Began as a Palentonga Warper on July 3, 2021.
             Was an Elder of Zin.
             Shot with a bolt by Vashnia (21 damage)
             ... on level 3 of the Snake Pit on July 4, 2021.
             The game lasted 04:48:48 (64273 turns).

Gwenloh the Severer (Palentonga Warper)            Turns: 64273, Time: 04:48:48

Health: -3/149     AC: 34    Str: 19    XL:     18   Next: 2%
Magic:  5/31       EV: 14    Int: 18    God:    Zin [****..]
Gold:   2640       SH:  0    Dex: 21    Spells: 18/35 levels left

rFire    + . .     SeeInvis +   a - +9 battleaxe (flame)
rCold    + . .     Faith    .   (shield currently unavailable)
rNeg     . . .     Spirit   .   U - +2 ring mail {rF+}
rPois    ∞         Reflect  .   s - +0 helmet
rElec    +         Harm     .   l - +1 cloak
rCorr    .         Rampage  .   M - +1 pair of gloves {Stlth+}
Will     +....                  Y - +1 barding
Stlth    ++........             g - amulet of Coaja {rElec rC+ Regen+ Slay+3}
HPRegen  1.34/turn              r - +4 ring of protection
MPRegen  0.22/turn              L - +4 ring of evasion

@: mighty, vitalised, curled up
A: large, rugged brown scales 3, see invisible, deformed body, roll 1, armoured
tail, reflexive curl
}: 1/15 runes: decaying
a: Rolling Charge, Renounce Religion, Recite, Vitalisation, Imprison, Donate
Gold


You were on level 3 of the Snake Pit.
You worshipped Zin.
Zin was greatly pleased with you.
You visited 6 branches of the dungeon, and saw 31 of its levels.
You also visited: Bailey and Volcano.

You collected 4552 gold pieces.
You spent 1636 gold pieces at shops.
You donated 276 gold pieces to Zin.

Inventory:

Hand Weapons
 a - a +9 battleaxe of flaming (weapon)
 b - the +7 great mace "Kiryb" {flame, rElec rN+ Stlth-}
   (You found it in a bailey)

   It has been specially enchanted to burn those struck by it, causing extra
   injury to most foes and up to half again as much damage against particularly
   susceptible opponents.
   rElec:     It insulates you from electricity.
   rN:        It protects you from negative energy.
   Stlth:     It makes you less stealthy.
 w - the +8 whip "Snakebite" {curare, rPois}
   (You bought it in a shop on level 6 of the Dungeon)

   It poisons the flesh of those it strikes.
   rPois:     It protects you from poison.
Missiles
 d - 5 boomerangs of dispersal
 D - 109 poisoned darts
 E - 6 javelins (quivered)
 S - 4 throwing nets
 W - 14 curare-tipped darts
Armour
 l - a +1 cloak (worn)
 s - a +0 helmet (worn)
 M - a +1 pair of gloves of stealth (worn)
 U - a +2 ring mail of fire resistance (worn)
 Y - a +1 barding (worn)
Jewellery
 g - the amulet of Coaja (around neck) {rElec rC+ Regen+ Slay+3}
   (You acquired it on level 4 of the Lair of Beasts)

   [amulet of regeneration]

   Slay:      It affects your accuracy & damage with ranged weapons and melee
   (+3).
   rC:        It protects you from cold.
   rElec:     It insulates you from electricity.
   Regen:     It increases your rate of health regeneration.
 h - the amulet "Jecwoor" {RegenMP Contam Rampage +Blink rN++}
   (You took it off a spriggan on level 1 of the Swamp)

   [amulet of magic regeneration]

   It increases your rate of magic regeneration.
   rN:        It greatly protects you from negative energy.
   +Blink:    It lets you blink.
   Contam:    It causes magical contamination when unequipped.
   Rampage:   It bestows one free step when moving towards enemies.
 r - a +4 ring of protection (left hand)
 z - a ring of resist corrosion
 L - a +4 ring of evasion (right hand)
 R - a +6 ring of intelligence
 T - the ring of Paakh {MP+9 Int+2}
   (You found it on level 1 of the Lair of Beasts)

   [ring of magical power]

   Int:       It affects your intelligence (+2).
   MP:        It affects your magic capacity (+9).
Wands
 i - a wand of digging (4)
 n - a wand of charming (6)
 H - a wand of paralysis (7)
 I - a wand of mindburst (36)
 N - a wand of iceblast (19)
 O - a wand of flame (90)
 V - a wand of acid (24)
Scrolls
 c - 2 scrolls of blinking
 o - 6 scrolls of amnesia
 p - 6 scrolls of identify
 q - 4 scrolls of silence
 u - 5 scrolls of magic mapping
 A - 5 scrolls of fear
 B - 12 scrolls of teleportation
 F - a scroll of summoning
 J - 7 scrolls of fog
 X - 4 scrolls of enchant weapon
 Z - a scroll of holy word
Potions
 e - 4 potions of might
 f - a potion of magic
 j - 11 potions of curing
 k - a potion of cancellation
 m - 3 potions of attraction
 t - 7 potions of ambrosia
 v - 2 potions of brilliance
 x - 4 potions of mutation
 y - a potion of berserk rage
 C - 6 potions of haste
 G - 3 potions of flight
 K - 9 potions of resistance
Miscellaneous
 P - a phial of floods
 Q - a phantom mirror


   Skills:
 - Level 12.0 Fighting
 * Level 17.9 Axes
 - Level 0.6 Throwing
 - Level 10.4 Armour
 + Level 5.0 Dodging
 + Level 9.3 Spellcasting
 * Level 16.7 Translocations
 + Level 12.8 Invocations


You had 18 spell levels left.
You knew the following spells:

 Your Spells              Type           Power      Damage    Failure   Level
a - Blink                 Tloc           N/A        N/A       1%          2
b - Manifold Assault      Tloc           62%        N/A       1%          5
c - Passage of Golubria   Tloc           N/A        N/A       1%          4
d - Dispersal             Tloc           31%        N/A       1%          6

Your spell library contained the following spells:

 Spells                   Type           Power      Damage    Failure   Level
 Apportation              Tloc           100%       N/A       0%          1
 Gell's Gravitas          Tloc           31%        N/A       1%          3
 Lesser Beckoning         Tloc           31%        N/A       1%          3
 Portal Projectile        Hex/Tloc       76%        N/A       1%          3
 Teleport Other           Tloc           62%        N/A       1%          3
 Animate Skeleton         Necr           16%        N/A       13%         1
 Corona                   Hex            8%         N/A       13%         1
 Freeze                   Ice            32%        1d5       13%         1
 Magic Dart               Conj           32%        1d4       13%         1
 Pain                     Necr           32%        1d5       13%         1
 Shock                    Conj/Air       32%        1d5       13%         1
 Summon Small Mammal      Summ           32%        N/A       13%         1
 Call Imp                 Summ           8%         N/A       21%         2
 Ensorcelled Hibernation  Hex/Ice        16%        N/A       21%         2
 Searing Ray              Conj           16%        3d3       21%         2
 Slow                     Hex            8%         N/A       21%         2
 Sublimation of Blood     Necr           4%         N/A       21%         2
 Confusing Touch          Hex            8%         N/A       36%         3
 Frozen Ramparts          Ice            16%        1d3       36%         3
 Inner Flame              Hex/Fire       8%         N/A       36%         3
 Mephitic Cloud           Conj/Pois/Air  8%         N/A       36%         3
 Spider Form              Tmut/Pois      4%         N/A       36%         3
 Swiftness                Air            8%         N/A       36%         3
 Tukima's Dance           Hex            8%         N/A       36%         3
 Vampiric Draining        Necr           4%         2d6       36%         3
 Disjunction              Tloc           31%        N/A       65%         8
 Airstrike                Air            4%         N/A       78%         4
 Cause Fear               Hex            4%         N/A       78%         4
 Fulminant Prism          Conj/Hex       4%         3d6       78%         4
 Hailstorm                Conj/Ice       8%         3d4       78%         4
 Leda's Liquefaction      Hex/Erth       4%         N/A       78%         4
 Petrify                  Tmut/Erth      8%         N/A       78%         4
 Alistair's Intoxication  Tmut/Pois      5%         N/A       98%         5
 Blade Hands              Tmut           4%         N/A       98%         5
 Bolt of Magma            Conj/Fire/Erth 4%         4d5       98%         5
 Borgnjor's Vile Clutch   Necr/Erth      4%         N/A       98%         5
 Excruciating Wounds      Necr           4%         N/A       98%         5
 Irradiate                Conj/Tmut      4%         3d15      98%         5
 Metabolic Englaciation   Hex/Ice        4%         N/A       98%         5
 Yara's Violent Unravell  Hex/Tmut       4%         3d4       98%         5
 Eringya's Noxious Bog    Tmut/Pois      4%         N/A       100%        6
 Shadow Creatures         Summ           N/A        N/A       100%        6
 Statue Form              Tmut/Erth      5%         N/A       100%        6
 Discord                  Hex            4%         N/A       100%        8


Dungeon Overview and Level Annotations

Branches:
Dungeon (15/15)            Temple (1/1) D:6            Lair (6/6) D:9
  Swamp (4/4) Lair:4        Snake (3/4) Lair:2        Slime (0/5) Lair:5
    Orc (2/2) D:12            Elf (0/3) Orc:2        Vaults (0/5) D:13
 Depths (0/5) D:15         Bailey (visited)         Volcano (visited)

Altars:
Ashenzari
Cheibriados
Dithmenos
Elyvilon
Fedhas
Gozag
Hepliaklqana
Kikubaaqudgha
Makhleb
Nemelex Xobeh
Okawaru
Qazlal
Ru
Sif Muna
Trog
Uskayaw
Vehumet
Wu Jian
Xom
Yredelemnul
Zin
The Shining One
Beogh

Shops:
D:2 !   D:5 [   D:6 (   Orc:2 (*[[   Snake:3 *

Annotations:
D:3 1 runed translucent door, tsouns's ghost, amateur DsAK
D:4 Duvessa
D:9 3 runed translucent doors, heinrich's ghost, novice GnDe
Lair:1 1 runed translucent door, Pyaps's ghost, journeyman GnBe
Snake:2 Saint Roka
Snake:3 Vashnia
Orc:1 1 runed translucent door, rigao's ghost, journeyman SpEE


Innate Abilities, Weirdness & Mutations

You are completely covered in rugged brown scales. (AC +3, +7% HP)
You have supernaturally acute eyesight. (SInv)
Armour fits poorly on your strangely shaped body.
You can roll at nearby foes to attack.
You have a long armoured tail.
You curl defensively after being hit.


Message History

The arrow misses you.
Casting: Manifold Assault (mildly dangerous; 1% risk of failure)
Confirm with . or Enter, or press ? or * to list all spells.
Space momentarily warps into an impossible shape!
You slash the naga sharpshooter! You burn the naga sharpshooter.
You slash the naga sharpshooter! You burn the naga sharpshooter.
The naga sharpshooter spits poison at you.
The splash of poison hits you but does no damage.
Your divine stamina protects you from poison!
You resist.
Casting: Manifold Assault (mildly dangerous; 1% risk of failure)
Confirm with . or Enter, or press ? or * to list all spells.
You don't have enough magic to cast this spell.
Unknown command.
Casting: Manifold Assault (mildly dangerous; 1% risk of failure)
Confirm with . or Enter, or press ? or * to list all spells.
You don't have enough magic to cast this spell.
Okay, then.
Roll where?
Press: ? - help, Dir - move target, f - naga sharpshooter, p - Vashnia
Aim: a naga sharpshooter, wielding a +0 shortbow and quivering arrows (severely wounded, catching its breath)
You roll forward with a clatter of scales!
You slice the naga sharpshooter!! You burn the naga sharpshooter.
You kill the naga sharpshooter!
Vashnia spits poison at you.
The splash of poison hits you but does no damage.
Your divine stamina protects you from poison!
You resist.
You feel very mighty all of a sudden.
The naga sharpshooter spits poison at you.
The splash of poison misses you.
Vashnia shoots a bolt.
The bolt hits you!!
* * * LOW HITPOINT WARNING * * *
Roll where?
Press: ? - help, Dir - move target, f - naga sharpshooter
Aim: a naga sharpshooter, wielding a +0 shortbow, wearing a +0 robe and quivering arrows (almost dead, catching its breath)
You roll forward with a clatter of scales!
You hit the naga sharpshooter. You burn the naga sharpshooter.
You kill the naga sharpshooter!
You barely miss Vashnia.
Vashnia shoots a bolt.
The bolt hits you!!
You die...

#...## #.######.##..#
###..## #..##....##.##
.....## ##.......#######
...#..####.####....##.#.#
.####..##..# ##..##.#..##
## #.....## #...##.....#
# ###......###.##.....###
###.........#..)#######
.....#........âˆİN@○.###
..####......#...#..○.#
..# #......##.#####.##
..# >.##....... ##..##
... .##....... #....#
##.. .#....#.... ##...#
.. ...##>.# ##..## ..# ..
#..# #..## ##..#


You could see Vashnia.

Vanquished Creatures
  the Lernaean hydra (Swamp:4)
  A tentacled monstrosity (Swamp:1)
  2 thorn hunters
  A nagaraja (Snake:3)
  Roxanne (Swamp:1)
  Aizul (Snake:2)
  The ghost of tilp the Convoker, a journeyman BaSu of Okawaru (Lair:6)
  4 eleionomae
  6 bunyips
  An ettin (Orc:1)
  Snorg (D:13)
  A shambling mangrove (Swamp:2)
  5 ogre magi
  6 boulder beetles
  2 ice dragons (D:15)
  4 naga warriors
  Harold (Orc:1)
  A salamander tyrant (Lair:2)
  6 centaur warriors
  20 hydras
  2 ghost crabs
  26 two-headed ogres
  6 anacondas
  2 catoblepae
  6 alligators
  8 death yaks
  5 shock serpents
  4 tengu warriors
  Sonja (Lair:3)
  11 naga sharpshooters
  5 skeletal warriors
  A death drake (Swamp:2)
  A swamp dragon (shapeshifter) (D:13)
  A salamander mystic (Lair:2)
  3 goliath frogs
  16 swamp dragons
  A naga ritualist (Snake:1)
  3 spriggan druids
  4 orc knights
  8 deep elf pyromancers
  An orc sorcerer (Snake:2)
  8 ugly things
  4 mana vipers
  3 cyclopes
  4 manticores
  3 will-o-the-wisps
  9 salamanders
  3 elephants
  8 black mambas
  A guardian serpent (Snake:1)
  8 cane toads
  9 naga magi
  3 unseen horrors
  4 gargoyles
  2 rime drakes
  An unseen horror (shapeshifter) (D:13)
  Psyche (D:8)
  12 komodo dragons
  5 kobold demonologists
  A tengu conjurer (D:12)
  3 efreet
  7 trolls
  12 hornets
  2 bloated husks
  11 polar bears
  3 tyrant leeches
  21 blink frogs
  A hornet (shapeshifter) (D:15)
  Prince Ribbit (D:6)
  3 meliai (D:14)
  5 slime creatures
  8 dream sheep
  A shadow (D:6)
  2 vampires (D:12)
  3 water elementals (D:14)
  3 wraiths
  20 spriggans
  5 wyverns
  100 yaks
  A basilisk (D:12)
  4 fire bats (Lair:6)
  10 vampire mosquitoes
  22 nagas
  5 wargs
  Menkaure (D:5)
  11 swamp worms
  A harpy simulacrum (D:15)
  3 hell hounds (Volcano)
  3 acid dragons (D:12)
  12 water moccasins
  26 orc warriors
  6 swamp drakes (Swamp:4)
  A necrophage (D:5)
  6 black bears
  31 ogres
  A sky beast (D:7)
  4 boggarts (Lair:6)
  23 wolves
  19 centaurs
  A phantom (D:7)
  4 kobold brigands
  2 gnoll sergeants
  A wyvern zombie (D:7)
  14 bullfrogs
  2 scorpions (D:5)
  Dowan (D:4)
  A water moccasin skeleton (D:4)
  5 killer bees
  5 wights (D:6)
  7 electric eels
  A lava snake (Lair:6)
  2 centaur zombies
  A bullfrog skeleton (D:5)
  6 hounds
  2 jellies (Lair:5)
  14 orc priests
  A gnoll shaman (Orc:1)
  A centaur skeleton (D:4)
  Jessica (D:1)
  Ijyb (D:4)
  12 orc wizards
  4 iguanas
  2 hell rats (Lair:3)
  A killer bee zombie (D:5)
  A hound skeleton (D:4)
  A howler monkey zombie (D:8)
  4 howler monkey skeletons
  6 adders
  14 gnolls
  A river rat (Lair:3)
  2 white imps
  3 worms
  2 dart slugs
  45 orcs
  7 endoplasms
  3 giant cockroaches
  3 goblins
  8 hobgoblins
  10 jackals
  20 kobolds
  2 quokkas (D:1)
  8 ball pythons
  7 bats
  A frilled lizard (D:3)
  13 rats
  2 briar patches (Swamp:2)
  A pillar of salt (D:14)
927 creatures vanquished.

Vanquished Creatures (others)
  An electric eel (D:14)
  A bush (Lair:2)
  14 foxfires
  60 fungi
  140 plants
  2 withered plants (D:3)
218 creatures vanquished.

Grand Total: 1145 creatures vanquished

Notes
Turn   | Place    | Note
-------+----------+-------------------------------------------
     0 | D:1      | Gwenloh the Palentonga Warper began the quest for the Orb.
     0 | D:1      | Reached XP level 1. HP: 17/17 MP: 3/3
   165 | D:1      | Reached XP level 2. HP: 19/23 MP: 5/5
   168 | D:1      | Learned a level 2 spell: Blink
   444 | D:1      | Reached skill level 3 in Axes
   506 | D:1      | Reached skill level 1 in Armour
  1120 | D:2      | Noticed Jessica
  1121 | D:2      | Reached XP level 3. HP: 21/28 MP: 2/6
  1856 | D:1      | Killed Jessica
  1857 | D:1      | Reached XP level 4. HP: 21/35 MP: 7/7
  2128 | D:2      | Found Bairoona's Distillery.
  2143 | D:2      | Bought a potion of heal wounds for 65 gold pieces
  2188 | D:2      | Found a faded altar of an unknown god.
  2551 | D:3      | Reached skill level 4 in Axes
  2660 | D:3      | Found a runed translucent door.
  2660 | D:3      | Noticed tsouns's ghost (amateur DsAK)
  3191 | D:3      | Reached XP level 5. HP: 19/40 MP: 3/8
  3616 | D:4      | Noticed an ogre
  3620 | D:4      | Killed an ogre
  3754 | D:4      | Noticed Duvessa
  3754 | D:4      | Noticed Dowan
  3928 | D:4      | Found a white marble altar of Elyvilon.
  4009 | D:4      | Reached XP level 6. HP: 37/47 MP: 9/9
  4014 | D:4      | Noticed Ijyb
  4136 | D:4      | Reached skill level 5 in Axes
  4461 | D:4      | Killed Ijyb
  4622 | D:4      | Found a glowing silver altar of Zin.
  4786 | D:4      | Killed Dowan
  5218 | D:4      | Found a stormy altar of Qazlal.
  5440 | D:5      | Entered Level 5 of the Dungeon
  5596 | D:5      | Gained mutation: You curl defensively after being hit.
                  | [Palentonga growth]
  5596 | D:5      | Reached XP level 7. HP: 20/53 MP: 4/10
  5627 | D:5      | Reached skill level 6 in Axes
  6022 | D:5      | Found Beihem's Armour Boutique.
  6372 | D:5      | Reached skill level 5 in Translocations
  6739 | D:5      | Reached XP level 8. HP: 56/62 MP: 11/11
  6745 | D:5      | Noticed Menkaure
  6755 | D:5      | Killed Menkaure
  6756 | D:5      | Reached skill level 7 in Axes
  7209 | D:6      | Found a staircase to the Ecumenical Temple.
  7216 | Temple   | Entered the Ecumenical Temple
  7351 | D:4      | Became a worshipper of Zin the Law-Giver
  7351 | D:4      | Reached * piety under Zin
  8062 | D:6      | Found an iron altar of Okawaru.
  8138 | D:6      | Reached skill level 5 in Fighting
  8379 | D:6      | Noticed Prince Ribbit
  8408 | D:6      | Killed Prince Ribbit
  8409 | D:6      | Reached skill level 8 in Axes
  8636 | D:6      | Found Myczeirphyapn's Antique Weapon Emporium.
  8677 | D:6      | Reached XP level 9. HP: 67/73 MP: 8/12
  9412 | D:7      | Found a sparkling altar of Nemelex Xobeh.
  9443 | D:7      | Reached ** piety under Zin
  9821 | D:7      | Reached skill level 9 in Axes
  9876 | D:7      | Reached skill level 5 in Armour
  9935 | D:7      | Found a shadowy altar of Dithmenos.
 10394 | D:8      | Noticed a two-headed ogre
 10425 | D:8      | HP: 3/77 [two-headed ogre (11)]
 10427 | D:8      | Killed a two-headed ogre
 10788 | D:8      | Noticed a two-headed ogre
 10794 | D:8      | Killed a two-headed ogre
 10795 | D:8      | Reached XP level 10. HP: 68/85 MP: 13/13
 10968 | D:8      | Reached skill level 10 in Axes
 11099 | D:8      | Reached *** piety under Zin
 11136 | D:8      | Noticed Psyche
 11148 | D:8      | Killed Psyche
 11150 | D:8      | Upgraded the game from 0.27-a0-1434-g6f15984924 to
                  | 0.27-a0-1442-g87b6fcb595
 11241 | D:8      | Found a burning altar of Makhleb.
 11878 | D:9      | Found an opulent altar of Gozag.
 12808 | D:9      | Noticed a two-headed ogre
 12825 | D:8      | Killed a two-headed ogre
 12826 | D:8      | Reached skill level 11 in Axes
 12826 | D:8      | Reached XP level 11. HP: 28/95 MP: 14/14
 13101 | D:8      | Learned a level 5 spell: Manifold Assault
 13722 | D:9      | Found a runed translucent gate.
 13722 | D:9      | Found a runed translucent gate.
 13722 | D:9      | Found a runed translucent gate.
 13723 | D:9      | Found an opulent altar of Gozag.
 13724 | D:9      | Noticed heinrich's ghost (novice GnDe)
 13725 | D:9      | Noticed a centaur warrior
 14138 | D:9      | Found a staircase to the Lair.
 14567 | Lair:1   | Entered Level 1 of the Lair of Beasts
 14593 | Lair:1   | Reached skill level 5 in Invocations
 14609 | D:9      | HP: 1/96 [cane toad (12)]
 15342 | Lair:1   | Reached skill level 10 in Fighting
 15867 | Lair:1   | Found a runed translucent door.
 15870 | Lair:1   | Noticed Pyaps's ghost (journeyman GnBe)
 15892 | Lair:1   | Identified the ring of Paakh {MP+9 Int+2}
 15905 | Lair:1   | Reached **** piety under Zin
 16054 | Lair:2   | Noticed a seven-headed hydra
 16707 | Lair:2   | Found a staircase to the Snake Pit.
 17247 | Lair:2   | Killed a seven-headed hydra
 17248 | Lair:2   | Reached skill level 12 in Axes
 17517 | Lair:2   | Reached XP level 12. HP: 105/105 MP: 10/16
 18074 | Lair:2   | Noticed a six-headed hydra
 18082 | Lair:2   | Killed a six-headed hydra
 18083 | Lair:2   | Reached skill level 10 in Translocations
 18293 | Lair:2   | You fall into a shaft and drop 1 floor!
 19762 | Lair:3   | Noticed Sonja
 19774 | Lair:3   | Killed Sonja
 20520 | Lair:3   | Noticed a boulder beetle
 20535 | Lair:3   | HP: 3/97 [boulder beetle (43)]
 20536 | Lair:3   | Killed a boulder beetle
 20982 | Lair:4   | Reached skill level 13 in Axes
 21209 | Lair:4   | Noticed a catoblepas
 21221 | Lair:4   | Killed a catoblepas
 21271 | Lair:4   | Reached XP level 13. HP: 107/114 MP: 3/18
 22966 | Lair:4   | Learned a level 4 spell: Passage of Golubria
 24383 | Lair:4   | Found a staircase to the Swamp.
 24711 | Swamp:1  | Entered Level 1 of the Swamp
 25100 | Lair:5   | Found a staircase to the Slime Pits.
 26409 | Lair:5   | Reached skill level 14 in Axes
 26897 | Lair:6   | Entered Level 6 of the Lair of Beasts
 27436 | Lair:6   | Reached XP level 14. HP: 119/123 MP: 2/20
 29571 | Lair:6   | Found a runed translucent door.
 29577 | Lair:6   | Noticed tilp's ghost (journeyman BaSu)
 31095 | Lair:6   | Reached ***** piety under Zin
 31432 | Lair:6   | Killed tilp's ghost
 31758 | D:10     | Entered Level 10 of the Dungeon
 31758 | D:10     | Found a shimmering altar of Xom.
 31892 | D:10     | Found a hide-covered altar of Uskayaw.
 33484 | D:11     | Reached skill level 5 in Spellcasting
 35445 | D:11     | Identified the +8 short sword of the Eleven Stars {venom,
                  | Fragile rN++}
 35627 | D:11     | Reached skill level 15 in Axes
 35935 | D:12     | Found a flagged portal.
 35957 | Bailey   | Entered a bailey
 36569 | Bailey   | Reached ****** piety under Zin
 36613 | Bailey   | Identified the +7 great mace "Kiryb" {flame, rElec rN+
                  | Stlth-}
 37002 | D:12     | Found a staircase to the Orcish Mines.
 37409 | D:12     | Reached skill level 10 in Invocations
 37853 | D:12     | Reached XP level 15. HP: 128/128 MP: 16/23
 39293 | D:13     | Found a gate to the Vaults.
 39552 | D:13     | Noticed Snorg
 39560 | D:13     | Killed Snorg
 42344 | D:14     | Found a blossoming altar of Fedhas.
 42643 | D:15     | Entered Level 15 of the Dungeon
 43476 | D:15     | Reached skill level 10 in Armour
 44978 | D:15     | Found a staircase to the Depths.
 45105 | D:15     | Reached skill level 16 in Axes
 45500 | D:15     | Found a shimmering blue altar of Sif Muna.
 45622 | Orc:1    | Entered Level 1 of the Orcish Mines
 45908 | Orc:1    | Found a dark tunnel.
 46084 | Volcano  | Entered a volcano
 46556 | Volcano  | Reached XP level 16. HP: 103/135 MP: 26/26
 46964 | Orc:1    | Found a runed translucent door.
 46965 | Orc:1    | Found a shimmering altar of Xom.
 46965 | Orc:1    | Noticed rigao's ghost (journeyman SpEE)
 47264 | Orc:2    | Entered Level 2 of the Orcish Mines
 47614 | Orc:2    | Paralysed by an ogre mage for 4 turns
 48513 | Orc:1    | Reached skill level 15 in Translocations
 49184 | Orc:2    | Found Idad's Assorted Antiques.
 49185 | Orc:2    | Found Odiozus's Antique Armour Boutique.
 49189 | Orc:2    | Found a staircase to the Elven Halls.
 49226 | Orc:2    | Found Ockutuki's Antique Weapon Shop.
 49226 | Orc:2    | Found Cujimm's Armour Shoppe.
 49501 | Orc:1    | Noticed Harold
 49511 | Orc:1    | Killed Harold
 49954 | D:6      | Bought the +8 whip "Snakebite" {curare, rPois} for 1571
                  | gold pieces
 49954 | D:6      | Found the +8 whip "Snakebite" {curare, rPois}
 50186 | Swamp:1  | Noticed a tentacled monstrosity
 50210 | Swamp:1  | Killed a tentacled monstrosity
 51063 | Swamp:1  | Identified the amulet "Jecwoor" {RegenMP Contam Rampage
                  | +Blink rN++}
 51406 | Lair:4   | Identified a scroll of acquirement
 51408 | Lair:4   | Acquired the amulet of Coaja {rElec rC+ Regen+ Slay+3}
 51479 | Swamp:1  | Noticed a thorn hunter
 51501 | Swamp:1  | Killed a thorn hunter
 51800 | Swamp:1  | Noticed Roxanne
 51847 | Swamp:1  | HP: 6/135 [acid (8)]
 52463 | Swamp:1  | Killed Roxanne
 52813 | Swamp:2  | Noticed a thorn hunter
 53130 | Swamp:2  | Killed a thorn hunter
 54586 | Swamp:3  | Reached skill level 17 in Axes
 54825 | Swamp:3  | Reached XP level 17. HP: 142/142 MP: 22/29
 55220 | Swamp:4  | Entered Level 4 of the Swamp
 56840 | Swamp:4  | Noticed the 27-headed Lernaean hydra
 57071 | Swamp:4  | Killed the 22-headed Lernaean hydra
 57894 | Swamp:4  | Got a decaying rune of Zot
 58248 | Snake:1  | Entered Level 1 of the Snake Pit
 58912 | Lair:2   | Acquired a book of the Warp
 58921 | Lair:2   | Learned a level 6 spell: Dispersal
 60744 | Snake:2  | Noticed Saint Roka
 61248 | Snake:2  | Noticed Aizul
 61278 | Snake:2  | Killed Aizul
 61371 | Snake:2  | Paralysed by an orc sorcerer for 7 turns
 61383 | Snake:2  | Paralysed by an orc sorcerer for 7 turns
 63723 | Snake:3  | Reached skill level 5 in Dodging
 63723 | Snake:3  | Reached XP level 18. HP: 149/149 MP: 20/31
 63786 | Snake:3  | Noticed Vashnia
 64214 | Snake:3  | Found Xaeg's Gadget Gallery.
 64273 | Snake:3  | Shot with a bolt by Vashnia

Illustrated notes

Levels and vault maps discovered:
D:1:      tarquinn_simple_flora_water_f, layout_basic, grunt_decor_arrowhead,
          minmay_pentomino_v2
D:2:      layout_rooms, shapermc_ecumenical_altar_venn, serial_shops,
          nicolae_shop_stone, minmay_misc_feat_five, st_stairs_10, uniq_jessica
D:3:      layout_loops_ring, gammafunk_ghost_grave, kennysheep_generic_room_9
D:4:      layout_loops_corners, grunt_qazlal_clouds, lemuel_round_altar,
          lemuel_doored_altar, minmay_cupped, uniq_ijyb, uniq_duvessa
D:5:      layout_basic, serial_shops, kennysheep_little_box, uniq_menkaure
D:6:      layout_basic, old_standard_altar, minmay_temple_entry_gardened_gates,
          serial_shops, nicolae_stop_n_shop_1, uniq_prince_ribbit1
D:7:      layout_gridville, nicolae_dithmenos_shadow_blocks,
          nemelex_xobeh_ov_fountains_minmay
D:8:      layout_loops_corners, marbit_many_paths, uniq_psyche
D:9:      layout_long_grid, nicolae_gozag_seed_capital, erik_lair_island,
          ebering_ghost_gozag, hangedman_glass_teeth, david_defended_altar_orc
D:10:     layout_big_octagon, lemuel_round_altar, old_standard_altar,
          serial_bayou_pond_e
D:11:     layout_irregular_city, minmay_diamond_spiral
D:12:     minmay_quarter_circles, layout_irregular_city, david_orc_2,
          serial_column_ruins, column_ruins_hut_ruined,
          column_ruins_square_medium, column_ruins_open_tiny,
          column_ruins_grid_3, column_ruins_grid_2, column_ruins_grid_1,
          column_ruins_grid_1, enter_bailey_7
D:13:     layout_loops_ring, david_vaults_2, gauntlet_entry_generic, uniq_snorg
D:14:     layout_stronghold, serial_bayou, serial_bayou_shore_b,
          serial_bayou_lake_a, serial_bayou_shore_a, serial_bayou_ford_a,
          serial_bayou_pond_e, minivault_24, fedhas_altar_4
D:15:     grunt_enter_depths_hoard, layout_irregular_city, nrook_mini_vaults,
          lemuel_blue_sif_altar
Temple:   minmay_temple_bridge_abc
Lair:1:   layout_roguey, ebering_ghost_reflecting_pool
Lair:2:   layout_regular_city, guppyfry_snake_entry_island,
          infiniplex_staircase_pool
Lair:3:   layout_misc_corridors, kennysheep_abandoned_house,
          infiniplex_staircase_pool_2, serial_bayou_shore_b, grunt_megastairs_3,
          uniq_sonja
Lair:4:   layout_big_grid, palyth_hydra_swamp_entry
Lair:5:   layout_small_grid, minmay_slime_entry_pillars, beast_lair_carwin_4
Lair:6:   minmay_lair_end_enchanted_forest, layout_gridlike,
          ebering_ghost_reflecting_pool, gammafunk_lair_bear_cave
Swamp:1:  layout_falls_marsh, nicolae_swamp_tree_designs, swamp_pool1,
          uniq_roxanne
Swamp:2:  layout_basic_swamp, hangedman_swamp_ruin_wall
Swamp:3:  layout_falls_marsh, serial_swamp_ruin, evilmike_swamp_ruin_rubble_1,
          evilmike_swamp_ruin_house_3, evilmike_swamp_ruin_house_5, swamp_pool5,
          nicolae_swamp_stuck_in_the_mud
Swamp:4:  swamp_old_school, layout_basic_swamp, swamp_pool3
Snake:1:  layout_grid_shapes, nicolae_snake_biting_tails, serial_bayou_shore_b
Snake:2:  layout_grid_shapes, serial_bayou_crossing, grunt_megastairs_2,
          uniq_saint_roka, uniq_aizul
Snake:3:  layout_layer_cave, st_stairs_9, nicolae_shop_gadgets, uniq_vashnia
Orc:1:    layout_caves, ebering_ghost_xom, nicolae_volcano_entry_two_sided,
          uniq_harold
Orc:2:    st_orc_ogre_mass, layout_caves

Skill      XL: |  1  2  3  4  5  6  7  8  9 10 11 12 13 14 15 16 17 |
---------------+----------------------------------------------------+-----
Axes           | 3 4 5 6 8 9 11 12 13 14 15 16 17 | 17.9
Armour         | 1 2 3 4 5 6 7 8 9 10 | 10.4
Translocations | 4 5 6 7 8 9 11 12 13 14 15 16 | 16.7
Fighting       | 3 5 7 9 10 11 12 | 12.0
Invocations    | 2 4 6 7 8 10 11 12 | 12.8
Spellcasting   | 4 5 7 8 9 |  9.3
Dodging        | 3 5 |  5.0
Throwing       | |  0.6

Action                   |  1- 3 |  4- 6 |  7- 9 | 10-12 | 13-15 | 16-18 || total
-------------------------+-------+-------+-------+-------+-------+-------++-------
Melee: Hand axe          |   138 |    51 |       |       |       |       ||   189
       Tailslap          |     8 |    30 |    37 |    55 |   121 |   101 ||   352
       Whip              |       |   128 |   148 |       |       |       ||   276
       Dire flail        |       |       |     7 |    14 |    41 |       ||    62
       Battleaxe         |       |       |    62 |   517 |  1438 |  1014 ||  3031
       Unarmed           |       |       |       |     5 |       |       ||     5
       Great mace        |       |       |       |       |     7 |    17 ||    24
Throw: Stone             |    33 |    25 |    15 |    12 |       |       ||    85
       Javelin           |       |       |       |     7 |     5 |       ||    12
       Dart              |       |       |       |     4 |       |       ||     4
 Cast: Blink             |     2 |    18 |    37 |     6 |     8 |       ||    71
       Manifold Assault  |       |       |       |    69 |   492 |   377 ||   938
       Passage of Golubr |       |       |       |       |     1 |       ||     1
       Dispersal         |       |       |       |       |       |     2 ||     2
Invok: Recite            |       |       |     2 |     5 |     9 |     8 ||    24
       Vitalisation      |       |       |     1 |     4 |     9 |    41 ||    55
       Sanctuary         |       |       |       |       |       |     2 ||     2
       Imprison          |       |       |       |       |       |     1 ||     1
 Abil: Rolling Charge    |    29 |    49 |    67 |    80 |   148 |    84 ||   457
Evoke: Wand              |       |       |       |     1 |       |       ||     1
  Use: Scroll            |       |       |    10 |     7 |     7 |     9 ||    33
       Potion            |       |       |     1 |       |     1 |    14 ||    16
 Stab: Confused          |       |       |       |       |     3 |     6 ||     9
       Sleeping          |       |       |       |       |     1 |     1 ||     2
       Paralysed         |       |       |       |       |       |     1 ||     1
Armor: Leather armour    |    62 |    52 |    74 |   191 |   239 |       ||   618
       Ring mail         |       |       |       |       |   243 |   384 ||   627
Dodge: Dodged            |    80 |    50 |    93 |   356 |   446 |   318 ||  1343

Table legend: (Time is in decaauts)
 A = Elapsed time spent in this place.
 B = Non-inter-level travel time spent in this place.
 C = Inter-level travel time spent in this place.
 D = Time resting spent in this place.
 E = Time spent auto-exploring this place.
 F = Levels seen in this place.
 G = Mean time per level.
                   A        B        C        D        E       F      G
               +--------+--------+--------+--------+--------+-----+--------+
         Total |  64764 |  61766 |   2998 |  29842 |  13830 |  33 | 1962.5 |
       Dungeon |  28524 |  27060 |   1464 |  10413 |   9311 |  15 | 1901.6 |
        Temple |     76 |     55 |     21 |      0 |     21 |   1 |   76.0 |
          Lair |  18485 |  17571 |    914 |  10633 |   2114 |   6 | 3080.8 |
         Swamp |   7596 |   7330 |    266 |   4120 |   1204 |   4 | 1899.0 |
     Snake Pit |   5172 |   5023 |    149 |   2116 |    286 |   3 | 1724.0 |
  Orcish Mines |   3362 |   3180 |    182 |   1591 |    717 |   2 | 1681.0 |
        Bailey |    688 |    688 |      0 |    546 |     11 |   1 |  688.0 |
       Volcano |    857 |    857 |      0 |    420 |    165 |   1 |  857.0 |
               +--------+--------+--------+--------+--------+-----+--------+

Top non-repeatable levels by time:
  Lair:6: 4327 daAuts
  Lair:2: 3662 daAuts
  Lair:3: 3304 daAuts
  Lair:4: 3230 daAuts
    D:14: 3109 daAuts
     D:8: 2805 daAuts
    D:11: 2740 daAuts
 Snake:2: 2583 daAuts
     D:9: 2486 daAuts
    D:12: 2475 daAuts
 Swamp:1: 2349 daAuts
 Swamp:4: 2292 daAuts
  Lair:5: 2266 daAuts
    D:15: 2255 daAuts
   Orc:1: 2122 daAuts
